Map: Blackpink LE

Players

GuMiho

  • Race: Terran Terran
  • Spawn Location: 7:00

Maru - Winner!

  • Race: Terran Terran
  • Spawn Location: 1:00

Event: IEM Season 12 - Katowice

VOD

Have the link to the VOD?

Description

Time

  • Played on: March 1, 2018, 4:45 a.m.
  • Length: 9:40

All games in this series

Show
View Real Time Build Order
Export as new Build Order

GuMiho Terran 

Build Orders:  

Get SALT Encoding   

  12  0:00  SCV  
  13  0:12  SCV  
  14  0:17  Supply Depot  
  14  0:24  SCV  
  14  0:27  Refinery  
  15  0:39  SCV  
  16  0:44  Barracks  
  16  0:51  SCV  
  16  0:56  Refinery  
  17  1:03  SCV  
  18  1:15  SCV  
  19  1:30  Reaper, Orbital Command  
  20  1:34  Factory  
  20  1:44  Supply Depot  
  20  1:56  SCV  
  21  2:03  Barracks Tech Lab  
  21  2:08  SCV  
  22  2:18  Hellion  
  22  2:20  SCV  
  27  2:23  Marauder  
  25  2:32  SCV  
  25  2:40  Hellion  
  23  2:49  SCV, Marauder  
  25  3:01  SCV  
  26  3:12  Starport  
  26  3:13  SCV  
  27  3:22  Command Center  
  27  3:24  Supply Depot  
  27  3:26  SCV  
  28  3:37  Cyclone  
  28  3:38  SCV  
  30  3:51  SCV  
  29  4:03  SCV  
  29  4:04  Raven  
  29  4:07  Barracks Reactor  
  32  4:14  Supply Depot  
  30  4:17  SCV  
  30  4:24  Cyclone  
  34  4:29  SCV  
  35  4:35  Orbital Command  
  35  4:41  SCV  
  35  4:42  Marine  
  35  4:43  Marine  
  38  4:47  Banshee  
  41  4:53  SCV  
  41  4:59  Supply Depot  
  42  5:01  Cyclone  
  42  5:02  Marine x2  
  42  5:03  SCV  
  48  5:12  SCV  
  49  5:15  SCV  
  50  5:24  Command Center  
  50  5:27  SCV  
  51  5:29  SCV  
  52  5:38  Raven  
  52  5:39  Refinery  
  52  5:40  Refinery  
  53  5:43  SCV x2  
  55  5:54  Hellion x2  
  55  5:55  SCV x2  
  58  6:02  Supply Depot  
  58  6:07  SCV x2  
  59  6:18  Cyclone x2  
  63  6:19  SCV x2  
  64  6:31  SCV x2  
  63  6:37  Orbital Command  
  63  6:40  Viking  
  63  6:43  SCV  
  66  6:51  SCV  
  65  6:55  SCV  
  65  6:57  Cyclone  
  65  6:58  Cyclone  
  72  7:03  Supply Depot, SCV  
  72  7:08  SCV  
  74  7:09  Supply Depot  
  74  7:17  SCV  
  74  7:19  SCV  
  74  7:20  SCV  
  74  7:22  Armory  
  77  7:24  Armory  
  77  7:27  Viking  
  79  7:36  SCV x2  
  82  7:37  SCV  
  82  7:40  Supply Depot  
  82  7:43  Factory  
  82  7:45  Supply Depot, Orbital Command, Factory  
  82  7:51  SCV x2  
  88  7:58  Hellion x2  
  88  8:03  SCV x2  
  90  8:15  SCV  
  90  8:16  Supply Depot, SCV  
  90  8:19  SCV  
  97  8:20  Hellion x2  
  97  8:24  Supply Depot  
  97  8:25  Starport Reactor, Supply Depot  
  97  8:28  SCV  
  97  8:29  SCV  
  97  8:31  SCV  
  100  8:39  Refinery  
  100  8:40  SCV  
  101  8:41  SCV  
  101  8:43  SCV  
  101  8:47  Refinery  
  103  8:50  Engineering Bay  
  103  8:52  SCV  
  103  8:53  SCV  
  103  8:55  Cyclone x2, SCV  
  111  8:56  Factory Tech Lab  
  111  9:00  Hellion  
  112  9:05  SCV  
  96  9:18  Hellion  
Show
View Real Time Build Order
Export as new Build Order

Maru Terran - Winner!

Build Orders: MMM Bio 

Get SALT Encoding   

  12  0:00  SCV  
  13  0:16  Supply Depot  
  13  0:18  SCV  
  14  0:40  Barracks  
  14  0:42  Refinery  
  14  0:55  Barracks  
  14  0:58  SCV  
  15  1:11  SCV  
  16  1:13  Refinery  
  16  1:23  SCV  
  17  1:27  Reaper  
  18  1:38  Orbital Command  
  18  1:44  Reaper  
  19  1:59  Reaper  
  20  2:03  Supply Depot  
  20  2:05  SCV  
  21  2:17  SCV, Reaper  
  22  2:31  Reaper, Factory  
  22  2:35  SCV  
  24  2:49  SCV, Reaper  
  23  3:01  SCV  
  24  3:13  Supply Depot, SCV  
  24  3:15  Cyclone, Starport  
  28  3:25  SCV  
  29  3:37  SCV  
  30  3:47  Factory Tech Lab  
  29  3:49  SCV  
  29  4:01  SCV  
  29  4:09  Command Center  
  29  4:13  SCV  
  30  4:19  Cyclone  
  30  4:21  Cloaking Field, Banshee  
  36  4:25  SCV  
  37  4:35  Supply Depot  
  37  4:42  Command Center  
  37  4:43  SCV  
  38  4:51  Factory Reactor  
  38  4:55  SCV  
  39  5:04  Banshee  
  42  5:08  SCV  
  42  5:10  Barracks  
  43  5:20  SCV  
  43  5:21  Orbital Command  
  44  5:23  Refinery  
  44  5:28  Cyclone  
  44  5:34  SCV  
  48  5:41  Cyclone  
  51  5:52  SCV  
  52  6:00  Cyclone, Orbital Command  
  52  6:03  SCV  
  50  6:04  SCV  
  50  6:06  Starport Tech Lab  
  51  6:15  SCV  
  52  6:19  Barracks  
  52  6:20  SCV, Barracks  
  52  6:24  Raven  
  55  6:27  SCV, Refinery  
  56  6:35  Engineering Bay  
  56  6:36  Engineering Bay  
  56  6:37  SCV  
  57  6:41  Stimpack  
  57  6:45  SCV  
  58  6:50  SCV x2  
  58  6:53  Bunker  
  60  7:01  Marine  
  60  7:03  SCV x2  
  60  7:04  Terran Infantry Armor Level 1, Terran Infantry Weapons Level 1  
  60  7:07  Factory Tech Lab  
  63  7:13  Barracks  
  63  7:14  Starport Reactor, SCV  
  64  7:19  Barracks Tech Lab  
  64  7:21  Marine, Marauder x2  
  64  7:22  Concussive Shells  
  69  7:23  SCV  
  69  7:28  Supply Depot  
  70  7:30  Siege Tank  
  70  7:33  SCV  
  74  7:38  Orbital Command  
  74  7:39  Combat Shields  
  74  7:43  Marine, Marauder  
  77  7:48  Supply Depot  
  77  7:50  Marauder x2  
  81  7:53  Medivac x2  
  81  7:55  Orbital Command  
  85  8:00  Supply Depot  
  85  8:06  Supply Depot  
  85  8:08  Barracks Reactor  
  85  8:09  SCV x2, Siege Tank  
  85  8:11  Orbital Command  
  90  8:13  Supply Depot, Marine, Marauder  
  90  8:18  Supply Depot  
  92  8:21  Supply Depot, SCV  
  92  8:22  Marauder  
  92  8:23  SCV  
  96  8:27  Medivac  
  96  8:33  Marine  
  96  8:34  SCV, Marauder  
  99  8:35  SCV  
  99  8:37  SCV  
  99  8:39  Marine, Marauder  
  103  8:43  Marauder  
  103  8:46  SCV  
  103  8:47  SCV  
  107  8:49  SCV  
  107  8:52  Marine  
  111  8:55  Marauder  
  111  8:58  SCV  
  111  8:59  SCV  
  111  9:01  Marauder  
  111  9:02  SCV  
  116  9:04  Armory  
  116  9:05  Marine x3  
  119  9:12  Marine  
  119  9:13  SCV, Marauder  
  119  9:16  Marine  
  118  9:22  Marine  
  121  9:25  SCV x2  

Tags
 
Add a new tag
Caveats
  • Supply blocks, unpowered buildings, or Contaminate may cause inaccurate times.
  • Supply counts are checked every 10 seconds.